 Dungeon Crawl Stone Soup version 0.32-a0-484-g2eb335deba (webtiles) character file.

Game seed: 443086528599898896

653 mopl the Carver (level 7, 0/52 HPs)
             Began as a Merfolk Fighter on Feb 26, 2024.
             Slain by an orc
             ... wielding a +0 trident
              (2 damage)
             ... on level 5 of the Dungeon.
             The game lasted 00:03:02 (3577 turns).

mopl the Carver (Merfolk Fighter)                   Turns: 3577, Time: 00:03:03

Health: 0/52       AC:  6    Str: 18    XL:     7   Next: 54%
Magic:  7/7        EV:  9    Int:  7    God:
Gold:   216        SH:  0    Dex: 14    Spells: 6/6 levels left

rFire   . . .        a - +0 long sword
rCold   . . .        c - +0 buckler
rNeg    . . .        b - +0 scale mail
rPois   .            (no helmet)
rElec   .            (no cloak)
rCorr   .            (no gloves)
SInv    .            (no boots)
Will    .....        (no amulet) Stlth
                     (no ring)
HPRegen 0.28/turn    (no ring)
MPRegen 0.10/turn

%: no passive effects
@: confused, on berserk cooldown, slowed, very slow
A: (nimble swimmer 2), mertail
a: no special abilities


You were on level 5 of the Dungeon.
You visited 1 branch of the dungeon, and saw 5 of its levels.

You collected 216 gold pieces.

Inventory:

Hand Weapons
 a - a +0 long sword (weapon)
Missiles
 q - 7 poisoned darts (quivered)
 t - 4 javelins
Armour
 b - a +0 scale mail (worn)
 c - a +0 buckler (worn)
Wands
 p - a wand of polymorph (5)
Scrolls
 f - 2 scrolls of identify {unknown}
 g - a scroll of fog {unknown}
 i - a scroll of acquirement {unknown}
 k - 2 scrolls of poison {unknown}
 l - 2 scrolls of teleportation {unknown}
 n - a scroll of noise {unknown}
 r - a scroll of silence {unknown}
 s - a scroll of amnesia {unknown}
Potions
 e - 2 potions of curing {unknown}
 h - 2 potions of degeneration {unknown}
 j - a potion of heal wounds {unknown}
 m - 2 potions of berserk rage {!q}
 o - a potion of enlightenment {unknown}


   Skills:
 - Level 3.2 Fighting
 + Level 9.8 Long Blades
 - Level 2.1 Armour
 - Level 3.0 Shields


You had 6 spell levels left.
You didn't know any spells.
Your spell library contained the following spells:

 Spells                   Type           Power      Damage    Failure   Level
 Necrotise                Necr           0%         1d4       88%         1
 Vampiric Draining        Necr           0%         2d6       99%         3
 Martyr's Knell           Necr/Summ      0%         N/A       100%        4
 Curse of Agony           Necr           0%         N/A       100%        5


Dungeon Overview and Level Annotations

Branches:
Dungeon (5/15)
 Temple: D:4-7

Altars:
Nemelex Xobeh


Innate Abilities, Weirdness & Mutations

((You are very nimble when in or above water. (Stealth+, EV+, Speed+++)))
Your lower body shifts to a powerful aquatic tail in water.


Message History

* * * LOW HITPOINT WARNING * * *
Things that are here:
a +0 mace; a +0 ring mail You closely miss the orc.
The orc wizard hits you but does no damage.
The orc hits you with a +0 trident.
* * * LOW HITPOINT WARNING * * *
You're too confused to move!
You feel less confused. The orc wizard casts a spell at you.
You are confused.
The orc hits you with a +0 trident.
* * * LOW HITPOINT WARNING * * *
You hit the orc wizard.
The orc wizard is moderately wounded.
The orc wizard closely misses you. The orc hits you with a +0 trident.
* * * LOW HITPOINT WARNING * * *
The orc wizard attacks as it pursues you!
The orc wizard hits you with a +0 dagger.
* * * LOW HITPOINT WARNING * * *
The orc hits you but does no damage.
It was a potion of berserk rage.
A red film seems to cover your vision as you go berserk!
You feel yourself moving faster!
You feel mighty!
The orc hits you from afar with a +0 trident.
* * * LOW HITPOINT WARNING * * *
You're too confused to move!
You feel a strong urge to attack something.
You bump into the rock wall.
The orc barely misses you.
The orc wizard hits you but does no damage.
You bump into the rock wall.
You feel your anger nearly subside.
You are no longer berserk.
You are exhausted.
You feel yourself slow down.
The orc wizard hits you but does no damage.
The orc misses you.
You barely miss the orc wizard.
The orc wizard is moderately wounded.
The orc hits you from afar with a +0 trident.
You die...

... .. ####+#.
#.....#+########
#.....#..#.....#
#.....#..#...)o#
#.....#..'..o.@#
#.....'..####'##
#.....#..##....#
###.....#####....#
......### #....#
......# #....#
......# #....#
......## #....+
.......# #....#


You could see an orc wizard and an orc.

Vanquished Creatures
  A water moccasin (D:5)
  An ogre (D:5)
  A centaur (D:5)
  2 scorpions (D:5)
  A bombardier beetle (D:4)
  A hound (D:4)
  Jessica (D:2)
  2 iguanas (D:5)
  5 adders
  A ribbon worm (D:2)
  3 dart slugs
  4 orcs
  6 ball pythons
  2 bats (D:1)
  5 endoplasms
  5 giant cockroaches
  2 goblins (D:4)
  11 hobgoblins
  3 jackals (D:1)
  2 quokkas
  5 frilled lizards
  5 kobolds
  11 rats
80 creatures vanquished.

Notes
Turn   | Place    | Note
-------+----------+-------------------------------------------
     0 | D:1      | mopl the Merfolk Fighter began the quest for the Orb.
     0 | D:1      | Reached XP level 1. HP: 18/18 MP: 1/1
    72 | D:1      | Reached skill level 3 in Long Blades
    77 | D:1      | Reached XP level 2. HP: 24/24 MP: 2/2
   190 | D:1      | Found a faded altar of an unknown god.
   508 | D:1      | Reached skill level 4 in Long Blades
   650 | D:2      | Noticed Jessica
   658 | D:2      | Found a sparkling altar of Nemelex Xobeh.
   665 | D:2      | Reached XP level 3. HP: 18/29 MP: 3/3
   682 | D:2      | Killed Jessica
   683 | D:2      | Reached skill level 5 in Long Blades
   683 | D:2      | Reached XP level 4. HP: 8/35 MP: 4/4
  1694 | D:3      | Reached skill level 6 in Long Blades
  2000 | D:3      | Reached XP level 5. HP: 27/41 MP: 5/5
  2311 | D:4      | Reached skill level 7 in Long Blades
  2775 | D:5      | Entered Level 5 of the Dungeon
  2797 | D:5      | Reached XP level 6. HP: 36/47 MP: 6/6
  2891 | D:5      | Reached skill level 8 in Long Blades
  3130 | D:5      | Reached skill level 9 in Long Blades
  3130 | D:5      | Reached XP level 7. HP: 24/52 MP: 7/7
  3573 | D:5      | HP: 1/78 [orc/+0 trident (6)]
  3577 | D:5      | Slain by an orc

Illustrated notes

Levels and vault maps discovered:
D:1:      mainiacjoe_arrival_reflecting_pool, layout_loops_cross,
          ebering_ecumenical_altar_petrified
D:2:      layout_basic, basic_altar, minmay_rat_gold_closets, uniq_jessica
D:3:      layout_loops_cross
D:4:      layout_loops_ring, hangedman_abyss_or_decor_passed, serial_park_tiny_2
D:5:      layout_gridville, mainiacjoe_overflow_tiny_flanked,
          minmay_temple_entry_stoned_glass, serial_shops, shop, uniq_duvessa

Skill      XL: |  1  2  3  4  5  6 |
---------------+-------------------+-----
Long Blades    | 3 4 5 6 7 9 |  9.8
Fighting       | |  3.2
Armour         | |  2.1
Shields        | |  3.0

Action                     |  1- 3 |  4- 6 |  7- 9 || total
---------------------------+-------+-------+-------++-------
  Melee: Long sword        |    80 |   190 |    25 ||   295
    Use: Potion            |       |       |     2 ||     2
 Armour: Scale mail        |    62 |   102 |    43 ||   207
  Dodge: Dodged            |    54 |    77 |    11 ||   142
  Block: Buckler           |    22 |    34 |     5 ||    61

Table legend: (Time is in decaauts)
 A = Elapsed time spent in this place.
 B = Non-inter-level travel time spent in this place.
 C = Inter-level travel time spent in this place.
 D = Time resting spent in this place.
 E = Time spent auto-exploring this place.
 F = Levels seen in this place.
 G = Mean time per level.
                   A        B        C        D        E       F      G
               +--------+--------+--------+--------+--------+-----+--------+
         Total |   3615 |   3508 |    107 |    598 |   2285 |   5 |  723.0 |
       Dungeon |   3615 |   3508 |    107 |    598 |   2285 |   5 |  723.0 |
               +--------+--------+--------+--------+--------+-----+--------+

Top non-repeatable levels by time:
     D:2: 890 daAuts
     D:4: 748 daAuts
     D:5: 714 daAuts
     D:1: 663 daAuts
     D:3: 599 daAuts
